 Dungeon Crawl Stone Soup version 0.27.1-34-g3ba077fa99 (webtiles) character file.

Game seed: 17706625459127048725

69 fishdoom the Insei (level 4, 0/34 HPs)
             Began as a Gnoll Transmuter on Jan 20, 2022.
             Slain by a worm (9 damage)
             ... on level 2 of the Dungeon.
             The game lasted 00:07:10 (2268 turns).

fishdoom the Insei (Gnoll Transmuter)               Turns: 2268, Time: 00:07:11

Health: 0/34       AC:  3    Str: 10    XL:     4   Next: 20%
Magic:  11/11      EV: 13    Int: 12    God:
Gold:   38         SH:  0    Dex: 13    Spells: 12/13 levels left

rFire    . . .     SeeInvis .     - Unarmed
rCold    . . .     Faith    .   (no shield)
rNeg     . . .     Spirit   .   c - +0 leather armour
rPois    .         Reflect  .   (helmet currently unavailable)
rElec    .         Harm     .   (no cloak)
rCorr    .         Rampage  .   (no gloves)
Will     .....                  (boots currently unavailable)
Stlth    +.........             (no amulet)
HPRegen  0.11/turn              (no ring)
MPRegen  0.12/turn              (no ring)

@: appendages (expiring)
A: horns 2, talons 2, fangs 1, strong nose, distributed training
a: End Transformation


You were on level 2 of the Dungeon.
You had temporarily grown beastly horns and talons.
You visited 1 branch of the dungeon, and saw 2 of its levels.

You collected 38 gold pieces.

Inventory:

Hand Weapons
 h - a +1 dagger of venom
Armour
 a - a +0 robe
 c - a +0 leather armour (worn)
Jewellery
 j - a ring of ice
Scrolls
 d - 2 scrolls of identify {unknown}
 e - a scroll of fog {unknown}
 g - a scroll of vulnerability {unknown}
 i - a scroll of silence {unknown}
 k - 2 scrolls of noise {unknown}
Potions
 b - a potion of curing
 f - a potion of heal wounds {unknown}


   Skills:
 + Level 2.7 Fighting
 + Level 1.0 Short Blades
 + Level 1.0 Long Blades
 + Level 1.0 Axes
 + Level 1.0 Maces & Flails
 + Level 1.0 Polearms
 + Level 1.0 Staves
 + Level 1.0 Slings
 + Level 1.0 Bows
 + Level 1.0 Crossbows
 + Level 1.0 Throwing
 + Level 1.0 Armour
 + Level 4.6 Dodging
 + Level 1.0 Stealth
 + Level 1.0 Shields
 + Level 6.6 Unarmed Combat
 + Level 5.0 Spellcasting
 + Level 0.8 Conjurations
 + Level 0.8 Hexes
 + Level 0.8 Summonings
 + Level 0.8 Necromancy
 + Level 0.8 Translocations
 + Level 3.8 Transmutations
 + Level 0.8 Fire Magic
 + Level 0.8 Ice Magic
 + Level 0.8 Air Magic
 + Level 0.8 Earth Magic
 + Level 0.8 Poison Magic
 + Level 1.1 Invocations
 + Level 1.0 Evocations


You had 12 spell levels left.
You knew the following spells:

 Your Spells              Type           Power      Damage    Failure   Level
a - Beastly Appendage     Tmut           24%        N/A       5%          1

Your spell library contained the following spells:

 Spells                   Type           Power      Damage    Failure   Level
 Wereblood                Tmut           12%        N/A       9%          2
 Spider Form              Tmut/Pois      4%         N/A       30%         3
 Ice Form                 Ice/Tmut       8%         N/A       71%         4


Dungeon Overview and Level Annotations

Branches:
Dungeon (2/15)

Altars:


Innate Abilities, Weirdness & Mutations

You have temporarily grown beastly horns and talons.
You have very sharp teeth.
Your uncanny sense of smell can sniff out nearby items.
Your experience applies equally to all skills.


Message History

The goblin hits you but does no damage.
You hit the goblin.
You kill the goblin!
An adder comes into view.
The adder hisses angrily.
You hit the worm. You claw the worm. Your headbutt misses the worm.
You bite the worm.
The worm is moderately wounded.
The adder bites you.
You closely miss the adder. The worm bites you!
* * * LOW HITPOINT WARNING * * *
The adder misses you.
You miss the adder. You claw the adder.
The adder is moderately wounded.
The adder misses you.
You miss the adder. Your kick misses the adder.
The adder is moderately wounded.
The adder closely misses you. The worm closely misses you.
You closely miss the adder. Your kick misses the adder.
The adder is moderately wounded.
The adder bites you.
* * * LOW HITPOINT WARNING * * *
You miss the adder. Your kick misses the adder.
The adder is moderately wounded.
Your transformation is almost over.
The adder barely misses you. The worm barely misses you.
You barely miss the adder. You claw the adder.
The adder is severely wounded.
The adder closely misses you.
It was a potion of curing.
You feel better. The adder bites you.
* * * LOW HITPOINT WARNING * * *
The worm completely misses you. The adder bites you.
* * * LOW HITPOINT WARNING * * *
You barely miss the adder.
The adder is severely wounded.
The adder misses you.
You barely miss the adder. You claw the adder.
You kill the adder!
The worm bites you!
You die...

.........#......
................#
.............#... #
................ .
#.##..........##.# ..#
###.#......#..#.##†#
#...#...................
.......##...............
#.)@w..†............
#.###............... #
#...............
.............†.†..
#............<....
#.................
...................
.####........##....
#.............)


You could see a worm.

Vanquished Creatures
  4 adders (D:2)
  3 worms (D:2)
  A bat (D:2)
  An endoplasm (D:2)
  6 giant cockroaches
  3 goblins
  2 hobgoblins
  2 quokkas (D:1)
  5 ball pythons
  4 kobolds (D:1)
  2 rats
33 creatures vanquished.

Notes
Turn   | Place    | Note
-------+----------+-------------------------------------------
     0 | D:1      | fishdoom the Gnoll Transmuter began the quest for the Orb.
     0 | D:1      | Reached XP level 1. HP: 17/17 MP: 6/6
   366 | D:1      | Found a faded altar of an unknown god.
   680 | D:1      | Reached XP level 2. HP: 23/23 MP: 5/7
  1541 | D:2      | Reached skill level 5 in Spellcasting
  1541 | D:2      | Reached XP level 3. HP: 5/28 MP: 6/9
  1823 | D:2      | Reached skill level 1 in Invocations
  2050 | D:2      | Reached skill level 1 in Short Blades
  2050 | D:2      | Reached skill level 1 in Long Blades
  2050 | D:2      | Reached skill level 1 in Axes
  2050 | D:2      | Reached skill level 1 in Maces & Flails
  2050 | D:2      | Reached skill level 1 in Polearms
  2050 | D:2      | Reached skill level 1 in Staves
  2050 | D:2      | Reached skill level 1 in Slings
  2050 | D:2      | Reached skill level 1 in Bows
  2050 | D:2      | Reached skill level 1 in Crossbows
  2050 | D:2      | Reached skill level 1 in Throwing
  2050 | D:2      | Reached skill level 1 in Armour
  2050 | D:2      | Reached skill level 1 in Stealth
  2050 | D:2      | Reached skill level 1 in Shields
  2050 | D:2      | Reached skill level 1 in Evocations
  2107 | D:2      | Reached XP level 4. HP: 12/34 MP: 11/11
  2268 | D:2      | Slain by a worm

Illustrated notes

Levels and vault maps discovered:
D:1:      lightli_arrival_statue_moat, layout_loops_corners,
          dreamdust_ecumenical_altar_grove
D:2:      layout_rooms

Skill      XL: |  1  2  3 |
---------------+----------+-----
Spellcasting   | 5 |  5.0
Invocations    | 1 |  1.1
Short Blades   | 1 |  1.0
Long Blades    | 1 |  1.0
Axes           | 1 |  1.0
Maces & Flails | 1 |  1.0
Polearms       | 1 |  1.0
Staves         | 1 |  1.0
Slings         | 1 |  1.0
Bows           | 1 |  1.0
Crossbows      | 1 |  1.0
Throwing       | 1 |  1.0
Armour         | 1 |  1.0
Stealth        | 1 |  1.0
Shields        | 1 |  1.0
Evocations     | 1 |  1.0
Fighting       | |  2.7
Dodging        | |  4.6
Unarmed Combat | |  6.6
Conjurations   | |  0.8
Hexes          | |  0.8
Summonings     | |  0.8
Necromancy     | |  0.8
Translocations | |  0.8
Transmutations | |  3.8
Fire Magic     | |  0.8
Ice Magic      | |  0.8
Air Magic      | |  0.8
Earth Magic    | |  0.8
Poison Magic   | |  0.8

Action                   |  1- 3 |  4- 6 || total
-------------------------+-------+-------++-------
Melee: Unarmed           |   134 |    15 ||   149
       Bite              |    12 |     1 ||    13
       Kick              |     3 |     6 ||     9
 Cast: Beastly Appendage |     8 |     1 ||     9
  Use: Potion            |       |     1 ||     1
 Stab: Sleeping          |     1 |       ||     1
Armor: Leather armour    |    29 |     2 ||    31
Dodge: Dodged            |    90 |    14 ||   104
